 Dungeon Crawl Stone Soup version 0.19-a0-1627-gc26532d (webtiles) character file.

10 rageheart7 the Grasshopper (level 2, -1/19 HPs)
             Began as a Demonspawn Wanderer on Sept 18, 2016.
             Slain by a hobgoblin
             ... wielding a +0 mace
              (7 damage)
             ... on level 1 of the Dungeon.
             The game lasted 00:01:11 (713 turns).

rageheart7 the Grasshopper (Demonspawn Wanderer)     Turns: 713, Time: 00:01:11

Health: -1/19      AC:  2    Str: 13    XL:     2   Next: 10%
Magic:  3/3        EV: 11    Int: 14    God:
Gold:   70         SH:  0    Dex: 10    Spells: 1 memorised, 1 level left

rFire  + . .     SeeInvis .       - Unarmed
rCold  . . .     Gourm    .     d - +0 robe
rNeg   . . .     Faith    .     (no shield)
rPois  .         Spirit   .     (no helmet)
rElec  .         Dismiss  .     (no cloak)
rCorr  .         Reflect  .     (no gloves)
MR     .....     Harm     .     (no boots)
Stlth  +.........               (no amulet)
                                (no ring)
                                (no ring)

@: no status effects
A: fire resistance 1
a: no special abilities


You were on level 1 of the Dungeon.
You were not hungry.

You visited 1 branch of the dungeon, and saw 1 of its levels.

You collected 70 gold pieces.

Inventory:

Armour
 d - a +0 robe (worn)
Jewellery
 e - an uncursed amulet of the gourmand {unknown}
Scrolls
 h - a scroll of amnesia
Potions
 b - a potion of curing
 c - a potion of lignification
Books
 a - a book of Spatial Translocations

   Spells                             Type                      Level
   a - Apportation                    Translocation                1
   b - Blink                          Translocation                2
   c - Shroud of Golubria             Charms/Translocation         2
   d - Portal Projectile              Translocation                3
   e - Teleport Other                 Translocation                3
   f - Passage of Golubria            Translocation                4
Comestibles
 f - a bread ration
 g - a meat ration
 j - 4 chunks of flesh


   Skills:
 - Level 1.0 Dodging
 - Level 1.0 Stealth
   Level 1.0 Shields
 * Level 2.5 Unarmed Combat
 - Level 1.0 Spellcasting
 + Level 1.0 Charms
 + Level 2.6 Translocations


You had one spell level left.
You knew the following spells:

 Your Spells              Type           Power        Failure   Level  Hunger
a - Shroud of Golubria    Chrm/Tloc      #.........   21%         2    ###....


Dungeon Overview and Level Annotations

Branches:
Dungeon (1/15)

Altars:


Innate Abilities, Weirdness & Mutations

Your flesh is heat resistant. (rF+)


Message History

The hobgoblin is almost dead.
The hobgoblin hits you but does no damage.
You hit the hobgoblin but do no damage.
The hobgoblin is almost dead.
The hobgoblin hits you with a mace.
You barely miss the hobgoblin.
The hobgoblin is almost dead.
The hobgoblin completely misses you.
You hit the hobgoblin but do no damage.
The hobgoblin is almost dead.
The hobgoblin hits you with a mace.
You hit the hobgoblin but do no damage.
The hobgoblin is almost dead.
You hit the hobgoblin but do no damage.
The hobgoblin is almost dead.
The hobgoblin hits you but does no damage.
You hit the hobgoblin but do no damage.
The hobgoblin is almost dead.
The hobgoblin hits you with a mace!
You die...

*,,,,,,* *,,,,,* *,*** ******,*
*,,**** *,*
*,*#####################
*,*#.......#.......#....
**,*#.#####.#.#####.#.###
**,,*#.#...#.#.#...#.#.#..
*,*,,#...#.#.#...#.#.#...#
**...#####.#.#####.#.#####
*......g@.#.......#......
*****..######################
*,,,,,,,,,,**** *,***,,,>,,,,,*
*,* *,*******,* *****,* *,* *,*
,,,,*,* *,* *,* ***,*,* *,* ***
***,*,***,***####################


You could see a hobgoblin.

Vanquished Creatures
  2 bats (D:1)
  2 goblins (D:1)
  A frilled lizard (D:1)
  3 kobolds (D:1)
  2 rats (D:1)
10 creatures vanquished.

Notes
Turn   | Place    | Note
-------+----------+-------------------------------------------
     0 | D:1      | rageheart7 the Demonspawn Wanderer began the quest for the Orb.
     0 | D:1      | rageheart7 set off with: a book of Spatial Translocations, a potion of curing, a potion of lignification, a +0 robe, a +0 club, a bread ration
     0 | D:1      | Reached XP level 1. HP: 13/13 MP: 2/2
   603 | D:1      | Gained mutation: Your flesh is heat resistant. (rF+) [demonic ancestry]
   603 | D:1      | Reached XP level 2. HP: 16/19 MP: 3/3
   676 | D:1      | Learned a level 2 spell: Shroud of Golubria
   713 | D:1      | Slain by a hobgoblin

Vault maps used:
D:1:      erik_arrival_cave_to_civilisation, patterned_corridor

Skill      XL: |  1 |
---------------+----+-----
Unarmed Combat | 2 |  2.5
Dodging        | |  1.0
Stealth        | |  1.0
Shields        | |  1.0
Spellcasting   | |  1.0
Charms         | |  1.0
Translocations | |  2.6

Action                   || total
-------------------------++-------
Melee: Unarmed           ||    47
       Punch             ||     1
  Use: Scroll            ||     2
 Stab: Sleeping          ||     1
Armor: Robe              ||    14
Dodge: Dodged            ||    35
